Cogmind - Beta 14 *** ADVENTURER MODE // 2024.09.05 @ 00:54:06 Player: Ms. V3-11A Result: Destroyed by Y-45 Defender with Heavy Assault Rifle Performance ------------- Evolutions (0) 0 Regions Visited (3) 600 Robots Destroyed (28) 140 Value Destroyed (822) 822 Prototype IDs (17) 340 Alien Tech Used (0) 0 Bonus (86) 86 TOTAL SCORE: 1988 Bonus ------- Follower Combat Kills 193 Friendly Fire -107 Cogmind --------- Core Integrity 0/250 Matter 290/300 Energy 14/100 System Corruption 2% Temperature Warm (183) Movement Walking (260) Ox2 Location -9/Recycling Parts ------- > --- POWER (1) -------- (None) > --- PROPULSION (2) --- Aluminum Leg Aluminum Leg > --- UTILITY (2) ------ High-capacity Storage Unit Makeshift Light Armor Plating > --- WEAPON (2) ------- Particle Gun Particle Gun > --- INVENTORY (20) --- Makeshift Power Source Makeshift Leg Makeshift Leg Cargo Legs Improved Heat Sink High-capacity Storage Unit High-capacity Matter Pod (200) Makeshift Light Armor Plating Makeshift Light Armor Plating Makeshift Light Armor Plating Scrap Shield Shield Generator V3-11A's Pendant Particle Gun Particle Gun Subdweller Laser Battle Cannon Peak State ------------ > --- POWER ------------ Ion Engine > --- PROPULSION ------- Aluminum Leg Aluminum Leg > --- UTILITY ---------- High-capacity Storage Unit V3-11A's Pendant > --- WEAPON ----------- Riot Gun Battle Cannon > --- INVENTORY -------- Makeshift Power Source Makeshift Leg Makeshift Leg Cargo Legs Improved Heat Sink High-capacity Storage Unit High-capacity Matter Pod Makeshift Light Armor Plating Makeshift Light Armor Plating Makeshift Light Armor Plating Makeshift Light Armor Plating Scrap Shield EM Pulse Gun Particle Gun Particle Gun Particle Gun Particle Gun Subdweller Laser [Rating: 18] Favorites ----------- Power Ion Engine Engine Ion Engine Power Core Light Nuclear Core Propulsion Aluminum Leg Leg Aluminum Leg Utility High-capacity Storage Unit Device V3-11A's Pendant Storage High-capacity Storage Unit Protection Light Armor Plating Weapon Particle Gun Energy Gun Particle Gun Ballistic Cannon Battle Cannon Build | -11 -10 -10 -9 ------- Run | Yrd Mat Sub Rec Slots Evolved . | . . . . Power . | . . . . Propulsion . | . . . . Utility . | . . . . Weapon . | . . . . Parts Attached 25 | . 8 14 3 Power 2 | . 1 1 . Engine 1 | . . 1 . Core 1 | . 1 . . Reactor . | . . . . Propulsion 2 | . 1 1 . Treads . | . . . . Leg 2 | . 1 1 . Wheel . | . . . . Hover . | . . . . Flight . | . . . . Utility 5 | . 2 2 1 Device 2 | . 1 1 . Storage 1 | . 1 . . Processor . | . . . . Hackware . | . . . . Protection 2 | . . 1 1 Artifact . | . . . . Weapon 16 | . 4 10 2 Energy Gun 11 | . 4 5 2 Energy Cannon . | . . . . Ballistic Gun . | . . . . Ballistic Cannon 5 | . . 5 . Launcher . | . . . . Special Weapon . | . . . . Impact Weapon . | . . . . Slashing Weapon . | . . . . Piercing Weapon . | . . . . Special Melee Weapon . | . . . . Unidentified Prototypes 1 | . . 1 . Parts Lost 5 | . 2 1 2 Power 2 | . . 1 1 Propulsion 1 | . 1 . . Utility . | . . . . Weapon 2 | . 1 . 1 Highest Loss Streak 2 | . 1 1 2 To Critical Strikes . | . . . . Average Slot Usage (%) 99 | . 99 99 99 Engine 8 | . 1 11 13 Core 5 | . 12 2 . Leg 27 | . 27 28 28 Device 12 | . 13 11 13 Storage 14 | . 14 14 14 Protection 1 | . . 2 . Energy Gun 21 | . 28 19 14 Ballistic Cannon 6 | . . 8 13 Peak Build Rating 18 | . 13 18 18 Average Rating 14 | . 12 15 17 On Entrance 10 | 6 6 13 18 Naked Turns . | . . . . Heaviest Build 53 | 10 51 53 52 Greatest Support 20 | 20 20 20 20 Greatest Overweight (x) 5 | . 5 2 2 Average Overweight (x) 1 | . 1 2 2 Largest Inventory Capacity 20 | . 20 20 20 Average Capacity 19 | . 18 20 20 Most Carried 20 | . 20 20 20 Average Carried 18 | . 15 19 19 Final Capacity 20 | 8 20 20 20 Final Carried 20 | 6 20 20 19 Class Distribution -------------------- 100% | Mutant Dominant Class ---------------- Mutant | -10/Materials Mutant | -10/Subcaves Mutant | -9/Recycling Resources | -11 -10 -10 -9 ----------- Run | Yrd Mat Sub Rec Matter Collected 885 | 182 139 515 49 Remotely . | . . . . Salvage Created 911 | . 389 264 258 Parts 55 | . 25 22 8 Haulers Intercepted 1 | . 1 . . Recyclers Shooed . | . . . . Parts Field Recycled . | . . . . Retrieved Matter . | . . . . Parts Self-Destructed 16 | . . 16 . Prevented . | . . . . Kills | -11 -10 -10 -9 ------- Run | Yrd Mat Sub Rec Combat Hostiles Destroyed 23 | . 12 5 6 Guns 20 | . 12 4 4 Cannons 3 | . . 1 2 Classes Destroyed 11 | . 3 4 4 Hauler 1 | . 1 . . Turret 2 | . . 2 . Swarmer 7 | . 6 1 . Grunt 7 | . 6 . 1 Brawler 1 | . . . 1 Sentry 1 | . . 1 . Demolisher 1 | . . . 1 Hunter 1 | . . . 1 Programmer 2 | . . . 2 Subdweller 3 | . . 3 . Zionite 2 | . . 2 . Best Kill Streak 6 | . 3 3 6 Combat Bots Only 6 | . 3 2 6 Max Kills in Single Turn 1 | . 1 1 1 Gunslinging . | . . . . Exploded . | . . . . Melee . | . . . . Uniques/NPCs Destroyed . | . . . . Combat | -11 -10 -10 -9 -------- Run | Yrd Mat Sub Rec Hostile Shots Fired 117 | . 48 21 48 Missed 28 | . 15 6 7 Damage Taken 1116 | . 375 237 504 Core 260 | . 99 37 124 Absorbed by Shields . | . . . . Ignored by Resistances 331 | . 122 67 142 Core Remaining (%) 100 | 100 . . . Volleys Fired 105 | . 25 70 10 Largest 2 | . 2 2 2 Hottest 130 | . 105 105 130 Shots Fired 148 | . 48 87 13 Gun 96 | . 48 38 10 Cannon 52 | . . 49 3 Launcher . | . . . . Special . | . . . . Kinetic 52 | . . 49 3 Thermal 49 | . 24 17 8 Explosive . | . . . . Electromagnetic 47 | . 24 21 2 Robot Hit Streak 18 | . 18 17 8 Robot Miss Streak 3 | . 1 3 1 Penetration Max . | . . . . Secondary Targets 3 | . . 1 2 Max Gunslinging Chain 1 | . . 1 1 Shots Hit Robots 79 | . 38 28 13 Core Hits 41 | . 19 14 8 Critical Kills . | . . . . Critical Parts Destroyed . | . . . . Critical Strikes 3 | . . 2 1 Burn 2 | . . 2 . Blast 1 | . . . 1 Melee Attacks . | . . . . Impact . | . . . . Slashing . | . . . . Piercing . | . . . . Sneak Attacks . | . . . . Combat Hostiles . | . . . . Follow-up Attacks . | . . . . Damage Inflicted 1223 | . 549 415 259 Guns 1044 | . 549 318 177 Cannons 176 | . . 97 79 Explosions . | . . . . Melee . | . . . . Ramming 3 | . . . 3 Kinetic 176 | . . 97 79 Thermal 608 | . 283 182 143 Explosive . | . . . . Electromagnetic 436 | . 266 136 34 Impact . | . . . . Slashing . | . . . . Piercing . | . . . . Highest Corruption 2 | . . . 2 Average Corruption 1 | . . . 1 Corruption Purged . | . . . . Corruption Blocked . | . . . . Overload Shots . | . . . . Overflow Damage . | . . . . Projectiles . | . . . . Explosions . | . . . . Melee . | . . . . Knockbacks 1 | . . 1 . Impact . | . . . . Kinetic 1 | . . 1 . Secondary . | . . . . Self-Inflicted Damage . | . . . . Shots . | . . . . Rammed . | . . . . Targets Rammed 2 | . . . 2 Kicked 2 | . . . 2 Crushed . | . . . . Highest Temperature 198 | . 198 24 174 Average Temperature 66 | . 72 13 76 Received Heat Transfer 324 | . 117 87 120 Siege Activations . | . . . . Robots Corrupted . | . . . . Combat Hostiles . | . . . . Parts Fried 1 | . 1 . . Impact Corruptions . | . . . . Robots Melted . | . . . . Combat Hostiles . | . . . . Parts Melted 3 | . 1 1 1 Heat Transferred 1554 | . 691 592 271 Parts Sabotaged . | . . . . Parts Stolen . | . . . . Parts Stripped . | . . . . Power Chain Reactions . | . . . . Alert | -11 -10 -10 -9 ------- Run | Yrd Mat Sub Rec Peak Influence 254 | . 254 . 252 Initial . | . . . . Average 63 | . 55 . 85 Maximum Alert Level 1 | . 1 . 1 Low Security (%) 98 | . 98 . 95 Level 1 1 | . 1 . 4 Level 2 . | . . . . Level 3 . | . . . . Level 4 . | . . . . Level 5 . | . . . . High Security . | . . . . Max Security . | . . . . Squads Dispatched 2 | . 2 . . Investigation 2 | . 2 . . Extermination . | . . . . Reinforcement . | . . . . Assault . | . . . . Garrison . | . . . . Intercept . | . . . . Searches Triggered . | . . . . Construction Impeded . | . . . . Haulers Reinforced . | . . . . Active Scanning Responses . | . . . . Cargo Convoy Interrupts . | . . . . Stealth | -11 -10 -10 -9 --------- Run | Yrd Mat Sub Rec Distress Signals 1 | . 1 . . Communications Jammed . | . . . . Distress Signals . | . . . . Times Spotted 56 | . 20 23 13 Peak Tracking Total 8 | . 3 5 8 Tactical Retreats 2 | . 1 1 . Traps | -11 -10 -10 -9 ------- Run | Yrd Mat Sub Rec Traps Triggered 2 | . 2 . . Indirectly . | . . . . Trap Hack Attempts . | . . . . Triggered . | . . . . Disarmed . | . . . . Reprogrammed . | . . . . Reused . | . . . . Traps Extracted . | . . . . Installed . | . . . . Triggered . | . . . . Machines | -11 -10 -10 -9 ---------- Run | Yrd Mat Sub Rec Machines Disabled 4 | . 1 3 . Max in Single Turn 1 | . 1 1 . Machines Repaired . | . . . . Machines Dismantled . | . . . . Machines Sabotaged . | . . . . Overloaded Fab Kills . | . . . . Hacking | -11 -10 -10 -9 --------- Run | Yrd Mat Sub Rec Machines Accessed 22 | . 11 1 10 Terminals 12 | . 8 . 4 Fabricators . | . . . . Repair Stations 1 | . 1 . . Recycling Units 8 | . 2 . 6 Scanalyzers . | . . . . Garrison Access . | . . . . Total Hacks 64 | . 37 1 26 Successful 38 | . 19 1 18 Failed 26 | . 18 . 8 Catastrophic . | . . . . Database Lockouts . | . . . . Manual 29 | . 19 . 10 Terminals 41 | . 30 . 11 Fabricators . | . . . . Repair Stations 1 | . 1 . . Recycling Units 21 | . 6 . 15 Scanalyzers . | . . . . Garrison Access . | . . . . Terminal Hacks 15 | . 10 1 4 Part Schematic 1 | . . . 1 Robot Analysis 3 | . 3 . . Prototype ID Bank 4 | . 3 . 1 Terminal Index 1 | . 1 . . Locate Traps 2 | . 2 . . Hauler Manifests 1 | . 1 . . Zone Layout 2 | . . . 2 Derelict Proto ID Bank 1 | . . 1 . Fabricator Hacks . | . . . . Repair Station Hacks . | . . . . Recycling Unit Hacks 7 | . 1 . 6 Retrieve Components 7 | . 1 . 6 Scanalyzer . | . . . . Garrison Access Hacks . | . . . . Unauthorized Hacks 16 | . 8 . 8 Terminals 9 | . 6 . 3 Botnet 1 | . 1 . . Skim 8 | . 5 . 3 Fabricators . | . . . . Repair Stations 1 | . 1 . . Mechanics 1 | . 1 . . Recycling Units 6 | . 1 . 5 Tunnel 6 | . 1 . 5 Scanalyzers . | . . . . Garrison Access . | . . . . Data Cores Recovered . | . . . . Used . | . . . . Hacking Detections 14 | . 8 . 6 Full Trace Events . | . . . . Feedback Events . | . . . . Feedback Blocked . | . . . . Robot Schematics Acquired . | . . . . Robots Built . | . . . . Authchips . | . . . . Time . | . . . . Total Robot Build Rating . | . . . . Part Schematics Acquired 1 | . . . 1 Parts Built . | . . . . Authchips . | . . . . Time . | . . . . Total Part Build Rating . | . . . . Parts Repaired . | . . . . Time . | . . . . Parts Recycled . | . . . . Recycled Matter . | . . . . Retrieved Matter . | . . . . Retrieved Components 17 | . 6 . 11 Parts Scanalyzed . | . . . . Part Schematics Acquired . | . . . . Parts Damaged . | . . . . Bothacking | -11 -10 -10 -9 ------------ Run | Yrd Mat Sub Rec Used RIF Installer . | . . . . Robots Hacked . | . . . . Non-combat . | . . . . Combat . | . . . . Robot Hacks Applied . | . . . . Relay Couplers Released . | . . . . Fabnet Peak Effective % . | . . . . Robots Rewired . | . . . . Allies Hacked 1 | . . . 1 Hacks Repelled . | . . . . Allies | -11 -10 -10 -9 -------- Run | Yrd Mat Sub Rec Total Allies 10 | . . 10 . Largest Group 6 | . . 6 4 Highest-Rated Group 114 | . . 114 76 Highest-Rated Ally 19 | . . 19 19 Total Orders . | . . . . Ally Attacks 61 | . . 43 18 Total Damage 796 | . . 485 311 Kills 8 | . . 2 6 Allies Corrupted . | . . . . Allies Melted . | . . . . Intel | -11 -10 -10 -9 ------- Run | Yrd Mat Sub Rec Robot Analysis Total 3 | . 3 . . Derelict Logs Recovered 1 | . . 1 . Drone Launches . | . . . . Drone Recoveries . | . . . . Exploration | -11 -10 -10 -9 ------------- Run | Yrd Mat Sub Rec Turns Passed 6327 | . 2028 3597 702 Spaces Moved 2159 | 1 619 1284 255 Core . | . . . . Treads . | . . . . Legs 2159 | 1 619 1284 255 Wheels . | . . . . Hover . | . . . . Flight . | . . . . Fastest Speed 120 | 120 120 260 260 Average Speed 247 | 120 218 260 260 Slowest Speed 470 | 120 470 260 260 Overloaded Moves . | . . . . Propulsion Burnouts . | . . . . Robots Hopped . | . . . . Cave-ins Triggered . | . . . . Exploration Rate (%) 49 | 2 91 56 50 Regions Visited 3 Branch Regions 2 Pre-discovered Areas 8 | . 2 1 5 Known Exits Taken 1 | . 1 . . Unknown Exits Taken 2 | 1 . 1 . Scrap Searched 16 | . . 16 . Spaces Dug . | . . . . Terrain Destroyed . | . . . . Melee . | . . . . Projectile . | . . . . AOE . | . . . . Terrain Rammed . | . . . . Walls Destroyed . | . . . . Machines Disabled . | . . . . Actions | -11 -10 -10 -9 --------- Run | Yrd Mat Sub Rec Total 2992 | . 1255 1459 278 Wait 638 | . 570 62 6 Move 2156 | . 618 1283 255 Hop . | . . . . Pick Up 38 | . 24 13 1 Fast Attach 2 | . 1 1 . Attach 6 | . 4 1 1 Detach 1 | . . 1 . Swap 17 | . 3 12 2 Drop 27 | . 10 16 1 Fire 105 | . 25 70 10 Melee . | . . . . Ram . | . . . . Kick 2 | . . . 2 Crush . | . . . . Escape Stasis . | . . . . Rewire . | . . . . Trap . | . . . . Miscellaneous . | . . . . Route ------- -11/Scrapyard -10/Materials (discovered 6 exits: *Mat x3 / [*Min x2] / *Sub) -10/Subcaves (discovered 3 exits: *Mat x2 / *Rec) -9/Recycling History --------- Turn | Location | Event 1 | -11/Scrapyard | Discovered new exit (range 0) 1 | -11/Scrapyard | Entered Materials 110 | -10/Materials | Discovered new exit (range 5) 317 | -10/Materials | Build established: Mutant 396 | -10/Materials | Discovered new exit (range 11) 417 | -10/Materials | Discovered new exit (range 16) 731 | -10/Materials | Identified exit to Materials 824 | -10/Materials | Identified exit to Subcaves 872 | -10/Materials | Learned 2 Mines zone layouts 883 | -10/Materials | Learned Storage interactive machine intel 905 | -10/Materials | Learned 4 Materials zone layouts 939 | -10/Materials | Learned location of 2 exits from Materials 2029 | -10/Materials | Entered Subcaves 2030 | -10/Subcaves | Identified exit to Materials 2060 | -10/Subcaves | Shifting Twisted Machinery released Piercing Trap 2196 | -10/Subcaves | Visited 4L-MR0's lab 2339 | -10/Subcaves | Found Cargo Legs 2565 | -10/Subcaves | Learned 4 Materials zone layouts 2598 | -10/Subcaves | Shifting Twisted Machinery released Sub. Optics 2642 | -10/Subcaves | Disturbed a concealed Subdweller 2931 | -10/Subcaves | Visited triangular shrine 2947 | -10/Subcaves | Found Prototype Device 2947 | -10/Subcaves | Identified V3-11A's Pendant 2952 | -10/Subcaves | Befriended Subdweller 3080 | -10/Subcaves | Disturbed a concealed Subdweller 3082 | -10/Subcaves | Befriended Subdweller 3364 | -10/Subcaves | Shifting Twisted Machinery released Mak. Light Armor Plating 3370 | -10/Subcaves | Shifting Twisted Machinery released Mak. Light Armor Plating 3446 | -10/Subcaves | Core integrity fell below 50% 3473 | -10/Subcaves | A swath of the cavern ceiling suddenly collapsed 4048 | -10/Subcaves | Learned location of Zion (-7) 4048 | -10/Subcaves | Met a Zionite searching for "candidates" 4134 | -10/Subcaves | Shifting Twisted Machinery released Battle Cannon 4135 | -10/Subcaves | Shifting Twisted Machinery released Flamer 4402 | -10/Subcaves | Befriended Subdweller 4537 | -10/Subcaves | Befriended Subdweller 4537 | -10/Subcaves | Befriended Subdweller 4544 | -10/Subcaves | Disturbed a concealed Subdweller 4547 | -10/Subcaves | Befriended Subdweller 4846 | -10/Subcaves | Discovered new exit (range 15) 4891 | -10/Subcaves | Lost 5 allies 4952 | -10/Subcaves | Befriended Subdweller 5112 | -10/Subcaves | Befriended Subdweller 5147 | -10/Subcaves | Befriended Subdweller 5147 | -10/Subcaves | Befriended Subdweller 5626 | -10/Subcaves | Entered Recycling 5626 | -9/Recycling | Accompanied by 4 allies 6311 | -9/Recycling | Core integrity fell below 20% 6328 | -9/Recycling | Destroyed by Y-45 Defender with Heavy Assault Rifle Last Messages --------------- 06304_ 4U-KM8(R) destroyed. 06304_ Ion Engine destroyed. 06304_ B-36 Bruiser destroyed. 06304_ Switching to secondary target: H-55 Commando. 06304_ R-06 Scavenger collects Sub. Power Source. 06306_ 6Z-4BO(R) destroyed. 06307_ H-55 Commando destroyed. 06307_ Switching to secondary target: G-34 Mercenary. 06307_ Destroyed Aluminum Leg. 06307_ R-06 Scavenger collects Corrupted Sub. Optics. 06309_ Riot Gun destroyed. 06310_ G-34 Mercenary destroyed. 06313_ Acquired 25 matter. 06319_ U-05 Engineer lays Concrete. 06320_ Destroyed Shock Rifle. 06320_ U-05 Engineer lays Concrete. 06323_ Imp. Heat Sink melted. 06323_ P-60 Hacker destroyed. 06326_ U-05 Engineer lays Concrete. 06327_ R-06 Scavenger collects Sub. Optics. Map ----- +----------------------------------------------------+ | ?????????????????????????????????????????????????? | | ?????????????????????????????????????????????????? | | ?????????????????????????????????????????????????? | | ?????????????????????????????????????????????????? | | ?????????????????????????????????????????????????? | | ?????????????????????????????????????????????????? | | ?????????????????????????????????????????????????? | | ?????????????????????????????????????????????????? | | ?????????????????????????????????????????????????? | | #######??????????????????????????????????????????? | | = #??????????????#########???????????????????? | | ##?????????????# !%#???????????????????? | | #??##########?#a #???????????????????? | | % ##??# #?#iY k #???????????????????? | | #???# """ #?#Y t=h #???????????????????? | | #???# """ #?# [ %!a#???????????????????? | | #???# """ #?# s kY #???????????????????? | | #???# #?#t[u #???????????????????? | | #???# "" #?#*%=% ! #???????????????????? | | #???# T" #?# %= k#???????????????????? | | ##??# "" #?#[ Y#???????????????????? | | #### #?# ! s#???????????????????? | | ######### #####+###### !%! ######+####?????????? | | % ]%!] ????????? | | &&%&& ????????? | | ur@ r ????????? | | #####+#########+####### & !r#########????????????? | | #??# % #?# #?# [%!% #????????????????? | | #### #?# ##;!%%%! #????????????????? | | ""## #?# """"""" ###k[=!gsl #????????????????? | | Y"## #?# """"""" #?#% %=s[% #????????????????? | | ""## ### """"""" #?#| ! #????????????????? | | #### ## """"""" #?# ak g #????????????????? | | #??# ### """"""" #?# #????????????????? | | #### #?# #?# th |[ #????????????????? | | ""## #?###########?###########????????????????? | | Y"## #????????????????????????????????????????? | | ""## #????????????????????????????????????????? | | #### #????????????????????????????????????????? | | #??# #????????????????????????????????????????? | | #??######????????????????????????????????????????? | | #????????????????????????????????????????????????? | | #????????????????????????????????????????????????? | | #???????????????##########???????????????????????? | | #???????????????# #???????????????????????? | | #???????????????# "" #???????????????????????? | | #???????????????# Y" #???????????????????????? | | #???????????????# "" #???????????????????????? | | ###############?# #???????????????????????? | | ## #?# """ #???????????????????????? | +----------------------------------------------------+ Best States ------------- Heat Dissipation 25 Coolant Potential 50 Energy Generation 14 Energy Capacity 250 Matter Stores 300 Matter Capacity 300 Sight Range 16 Terrain Scan Density 10 Armor Coverage 150 Resistance: KI 20 Resistance: TH 20 Resistance: EX 20 Resistance: EM 20 Resistance: I 20 Resistance: S 20 Resistance: P 20 Evasion (%) 55 Offensive Hacking 10 Item Schematics ----------------- Imp. Aluminum Leg | -9/Recycling | Hacked Robot Schematics ------------------ None Fabricated ------------ Nothing Alien Tech Used ----------------- None Achievements -------------- None Challenges ------------ None Game ------ Seed HackingAlertWeb Manual? 0 Play Time 00:30:04 Cumulative 350.2 hours Start 2024.09.05 @ 00:17:30 End 2024.09.05 @ 00:54:06 Sessions 1 Manual Loads 0 Difficulty Adventurer Special Mode None Game No. 265 Rogue 63 Adventurer 176 Explorer 26 Win Type - Total 1 Types 1/0/0/0/0/0/0/0/0 Lore% 79 Gallery% 76 Achievement% 68 Wizard Run 0 Options --------- Layout 2 ASCII 0 Keyboard 0 Movement Mouse Keybinds 0 Fullscreen 0 Font 18/CogNarrow Map View 64x51 Zoom Use 0% Tactical HUD 1 Map Filters NONE Filters BRIGHTNESS(115)|SATURATION(100)|LOW_CONTRAST(0,16,30) Steam 1 RUN: 7b909432-e67c-4d27-85ac-c2aca1eadde3